 Dungeon Crawl Stone Soup version 0.31-a0-978-g1e143483b6 (webtiles) character file.

Game seed: 6551768353594980351

290 sammy202020 the Trooper (level 6, -13/60 HPs)
             Began as a Gargoyle Berserker on Oct 30, 2023.
             Was a Believer of Trog.
             Killed by divine providence
             ... invoked by an orc priest
              (17 damage)
             ... on level 4 of the Dungeon.
             The game lasted 00:05:12 (3400 turns).

sammy202020 the Trooper (Gargoyle Berserker)        Turns: 3400, Time: 00:05:13

Health: -13/60     AC: 17    Str: 25    XL:     6   Next: 32%
Magic:  6/6        EV:  8    Int: 12    God:    Trog [**....]
Gold:   21         SH:  7    Dex: 12    Spells: 5/5 levels left

rFire   . . .        a - +0 mace
rCold   . . .        k - +0 kite shield
rNeg    + . .        c - +1 chain mail
rPois   ∞            (no helmet)
rElec   +            (no cloak)
rCorr   .            j - +1 pair of gloves
SInv    .            (no boots)
Will    .....        (no amulet) Stlth
                     d - +6 ring of strength
HPRegen 0.30/turn    (no ring)
MPRegen 0.10/turn

%: no passive effects
@: berserking (expiring), very quick
A: sickness immunity, AC +4, negative energy resistance 1, electricity
resistance, torment resistance 1, petrification resistance, agile 1, clever 1
a: Renounce Religion, Berserk, Trog's Hand


You were on level 4 of the Dungeon.
You worshipped Trog.
Trog was pleased with you.
You visited 1 branch of the dungeon, and saw 4 of its levels.
You also visited: Sewer.

You collected 225 gold pieces.
You spent 204 gold pieces at shops.

Inventory:

Hand Weapons
 a - a +0 mace (weapon)
Armour
 c - a +1 chain mail (worn)
 j - a +1 pair of gloves (worn)
 k - a +0 kite shield (worn)
Jewellery
 d - a +6 ring of strength (left hand)
Wands
 f - a wand of charming (9)
Scrolls
 e - a scroll of blinking
 l - a scroll of identify {unknown}
 o - a scroll of revelation
Potions
 b - 3 potions of might {unknown}
 g - a potion of curing {unknown}
 h - a potion of resistance {unknown}
 i - 2 potions of attraction {unknown}
 m - 4 potions of brilliance {unknown}
 n - a potion of cancellation {unknown}


   Skills:
 * Level 4.9 Fighting
 * Level 4.3 Maces & Flails
 * Level 4.0 Armour
 + Level 2.4 Dodging
 * Level 0.5 Shields


You had 5 spell levels left.
You didn't know any spells.
Your spell library was empty.

Dungeon Overview and Level Annotations

Branches:
Dungeon (4/15)              Sewer (visited)
 Temple: D:4-7

Altars:
Kikubaaqudgha
Nemelex Xobeh
Ru

Shops:
D:1 !   D:4 ([(


Innate Abilities, Weirdness & Mutations

You are immune to sickness and miasma.
Your stone body is resilient. (AC +4)
You are immune to poison.
You resist negative energy. (rN+)
You are resistant to electric shocks. (rElec)
You are resistant to unholy torment.
You are immune to petrification.
You are agile. (Dex +4, Str/Int -1)
Your mind is acute. (Int +4, Str/Dex -1)


Message History

The orc hits you but does no damage. The orc hits you with a +0 dagger.
* * * LOW HITPOINT WARNING * * *
The orc priest barely misses you.
The orc priest hits you but does no damage.
You sock the orc priest!
You kill the orc priest!
Trog accepts your kill.
You feel the effects of Trog's Hand fading.
The orc barely misses you. The orc hits you with a +0 flail.
* * * LOW HITPOINT WARNING * * *
The orc priest hits you but does no damage.
Your Armour skill increases to level 4!
You barely miss the orc priest. You block the orc's attack.
The orc hits you with a +0 flail.
* * * LOW HITPOINT WARNING * * *
The orc priest hits you but does no damage.
You sock the orc priest!
The orc priest is severely wounded.
The orc hits you but does no damage.
The orc priest hits you but does no damage.
The orc closely misses you.
You barely miss the orc priest.
The orc priest is severely wounded.
The orc hits you but does no damage. x2
The orc priest hits you with a +0 flail.
* * * LOW HITPOINT WARNING * * *
You barely miss the orc priest.
The orc priest is severely wounded.
You closely miss the orc priest.
The orc priest is severely wounded.
You block the orc's attack. The orc closely misses you.
The orc priest hits you but does no damage.
You barely miss the orc priest.
The orc priest is severely wounded.
Your skin stops crawling.
You feel less strong-willed. The orc barely misses you.
The orc hits you with a +0 flail.
* * * LOW HITPOINT WARNING * * *
The orc priest mumbles some strange prayers to Beogh against you.
Beogh smites you!
You die...

#..### #....
#.... ###...
.###.....
........#
......)o#
......o@##
...###o..###
##....#
##...#
######.(.#
..........#
.........##
#######.∩##
### ##..#
..#


You could see an orc priest and 2 orcs.

Vanquished Creatures
  Pargi (Sewer)
  An orc priest (D:4)
  An orc wizard (D:4)
  6 adders
  A worm (D:3)
  3 dart slugs
  10 ball pythons
  6 endoplasms
  4 giant cockroaches
  7 goblins
  7 hobgoblins
  4 quokkas
  4 bats
  8 frilled lizards
  7 kobolds
  9 rats
79 creatures vanquished.

Notes
Turn   | Place    | Note
-------+----------+-------------------------------------------
     0 | D:1      | sammy202020 the Gargoyle Berserker began the quest for the
                  | Orb.
     0 | D:1      | Reached XP level 1. HP: 14/14 MP: 1/1
   106 | D:1      | Reached XP level 2. HP: 10/19 MP: 2/2
   498 | D:1      | Found Olimots's Distillery.
   881 | D:2      | Reached ** piety under Trog
   882 | D:2      | Reached XP level 3. HP: 24/24 MP: 3/3
  1922 | D:1      | Bought a potion of mutation for 96 gold pieces
  1922 | D:1      | Gained mutation: Your spells are a little harder to cast,
                  | but a little more powerful. [potion of mutation]
  2010 | D:3      | Found a glowing drain.
  2026 | Sewer    | Entered a sewer
  2104 | Sewer    | Noticed Pargi
  2113 | Sewer    | Killed Pargi
  2114 | Sewer    | Reached XP level 4. HP: 30/30 MP: 4/4
  2114 | Sewer    | Reached XP level 5. HP: 34/34 MP: 5/5
  2546 | D:3      | Found a sacrificial altar of Ru.
  2907 | D:3      | Reached XP level 6. HP: 39/39 MP: 6/6
  2914 | D:3      | Lost mutation: Your spells are a little harder to cast, but
                  | a little more powerful. [potion of mutation]
  2914 | D:3      | Gained mutation: You are agile. (Dex +4, Str/Int -1)
                  | [potion of mutation]
  2914 | D:3      | Gained mutation: Your mind is acute. (Int +4, Str/Dex -1)
                  | [potion of mutation]
  2994 | D:3      | Found an ancient bone altar of Kikubaaqudgha.
  3082 | D:3      | Found a sparkling altar of Nemelex Xobeh.
  3324 | D:4      | Found Mugil's Weapon Shop.
  3340 | D:4      | Found Koatzuz's Antique Armour Shoppe.
  3351 | D:4      | Bought a kite shield for 108 gold pieces
  3358 | D:4      | Found Ruipeuch's Weapon Shoppe.
  3400 | D:4      | Killed from afar by an orc priest

Illustrated notes

Levels and vault maps discovered:
D:1:      roderic_dead_forest, layout_loops_cross, serial_shops,
          nicolae_shop_tiny_glass
D:2:      layout_basic, minmay_pentomino_s4
D:3:      minmay_razor_zed, layout_loops_ring, kiku_gazebo_garden_becter,
          hangedman_ru_absence, lemuel_round_altar, portal_sewer_entry_c,
          minivault_5, kennysheep_big_empty_room
D:4:      layout_layer_cave, lemuel_coloured_pillars_altar,
          kennysheep_orc_sif_temple, serial_shops, nicolae_shop_scrapyard,
          nicolae_shop_rolled_up, shop, shop, shop

Skill      XL: |  1  2  3  4  5  6 |
---------------+-------------------+-----
Fighting       | 4 |  4.9
Armour         | 3 4 |  4.0
Dodging        | 2 |  2.4
Maces & Flails | 4 |  4.3
Shields        | |  0.5

Action                     |  1- 3 |  4- 6 || total
---------------------------+-------+-------++-------
  Melee: Mace              |   122 |   154 ||   276
         Punch             |       |     2 ||     2
 Invoke: Berserk           |     2 |     1 ||     3
         Trog's Hand       |       |     1 ||     1
    Use: Scroll            |     7 |     1 ||     8
         Potion            |     1 |     1 ||     2
 Armour: Chain mail        |   119 |   129 ||   248
  Dodge: Dodged            |    71 |    83 ||   154
  Block: Kite shield       |       |    12 ||    12

Table legend: (Time is in decaauts)
 A = Elapsed time spent in this place.
 B = Non-inter-level travel time spent in this place.
 C = Inter-level travel time spent in this place.
 D = Time resting spent in this place.
 E = Time spent auto-exploring this place.
 F = Levels seen in this place.
 G = Mean time per level.
                   A        B        C        D        E       F      G
               +--------+--------+--------+--------+--------+-----+--------+
         Total |   3502 |   3000 |    502 |     40 |   2227 |   5 |  700.4 |
       Dungeon |   3290 |   2788 |    502 |      0 |   2180 |   4 |  822.5 |
         Sewer |    211 |    211 |      0 |     40 |     47 |   1 |  211.0 |
               +--------+--------+--------+--------+--------+-----+--------+

Top non-repeatable levels by time:
     D:3: 1160 daAuts
     D:2: 1045 daAuts
     D:1: 979 daAuts
   Sewer: 211 daAuts
     D:4: 104 daAuts
